 Dungeon Crawl Stone Soup version 0.29.1-12-g30fa7ad0bf (webtiles) character file.

Game seed: 7423552662715667147

2971 wormed the Basher (level 9, -2/72 HPs)
             Began as a Demonspawn Fighter on Dec 24, 2022.
             Was a Priest of Okawaru.
             Splashed by a jelly's acid (9 damage)
             ... on level 7 of the Dungeon.
             The game lasted 00:14:17 (10814 turns).

wormed the Basher (Demonspawn Fighter)             Turns: 10814, Time: 00:14:20

Health: -2/72      AC: 13    Str: 20    XL:     9   Next: 53%
Magic:  9/9        EV:  6    Int: 10    God:    Okawaru [***...]
Gold:   432        SH:  5    Dex: 13    Spells: 8/8 levels left

rFire   + . .      SeeInvis .   a - +0 flail
rCold   . . .      Faith    .   c - +0 buckler
rNeg    . . .      Spirit   .   F - +0 plate armour
rPois   .          Reflect  .   (no helmet)
rElec   .          Harm     .   h - +0 cloak
rCorr   .          Rampage  .   y - +0 pair of gloves
Will    +....                   b - +0 pair of boots
Stlth   ..........              (no amulet)
HPRegen 0.22/turn               o - ring of willpower
MPRegen 0.11/turn               A - ring of protection from fire

@: corroded
A: molten scales 1, ignite blood 1, spiny 1, weakness stinger 1
a: Renounce Religion, Heroism


You were on level 7 of the Dungeon.
You worshipped Okawaru.
Okawaru was most pleased with you.
You visited 2 branches of the dungeon, and saw 8 of its levels.

You collected 432 gold pieces.

Inventory:

Hand Weapons
 a - a +0 flail (weapon)
Missiles
 f - 2 throwing nets (quivered)
Armour
 b - a +0 pair of boots (worn)
 c - a +0 buckler (worn)
 e - a +0 tower shield
 h - a +0 cloak (worn)
 y - a +0 pair of gloves (worn)
 F - a +0 plate armour (worn)
Jewellery
 o - a ring of willpower (left hand)
 q - a ring of wizardry
 A - a ring of protection from fire (right hand)
 C - a ring of willpower
Wands
 r - a wand of roots (6)
 z - a wand of flame (25)
 D - a wand of paralysis (8)
Scrolls
 d - 2 scrolls of enchant weapon {unknown}
 i - 3 scrolls of teleportation {unknown}
 j - a scroll of blinking {unknown}
 l - 2 scrolls of magic mapping {unknown}
 s - 2 scrolls of fear {unknown}
 u - a scroll of noise {unknown}
 v - 3 scrolls of poison {unknown}
Potions
 g - a potion of degeneration
 k - a potion of berserk rage
 m - a potion of magic
 n - 2 potions of haste
 p - 5 potions of heal wounds
 t - 3 potions of curing
 w - 2 potions of flight
 x - a potion of mutation {unknown}
 B - a potion of cancellation {unknown}
 E - 2 potions of attraction {unknown}


   Skills:
 + Level 7.3 Fighting
 * Level 8.9 Maces & Flails
 - Level 4.0 Armour
 - Level 4.0 Dodging
 - Level 4.0 Shields


You had 8 spell levels left.
You didn't know any spells.
Your spell library contained the following spells:

 Spells                   Type           Power      Damage    Failure   Level
 Static Discharge         Conj/Air       0%         3-3/arc   100%        2
 Ozocubu's Armour         Ice            0%         N/A       100%        3
 Dispel Undead            Necr           0%         3d6       100%        4
 Sticky Flame             Conj/Fire      0%         2d3       100%        4
 Ozocubu's Refrigeration  Ice            0%         4d7       100%        7
 Summon Small Mammal      Summ           Unusable   N/A       N/A         1
 Call Canine Familiar     Summ           Unusable   N/A       N/A         3
 Summon Guardian Golem    Hex/Summ       Unusable   N/A       N/A         3

Dungeon Overview and Level Annotations

Branches:
Dungeon (7/15)             Temple (1/1) D:4

Altars:
Ashenzari
Cheibriados
Dithmenos
Fedhas
Gozag
Hepliaklqana
Kikubaaqudgha
Okawaru
Ru
Sif Muna
Trog
Uskayaw
Vehumet
Wu Jian
Xom
Yredelemnul

Shops:
D:1 !   D:4 !


Innate Abilities, Weirdness & Mutations

You are partially covered in molten scales. (AC +2)
Your demonic aura sometimes causes spilled blood to erupt in flames.
You are partially covered in sharp spines.
You have a small tail.


Message History

You are too injured to fight recklessly!
You are too injured to fight recklessly!
You are too injured to fight recklessly!
You are too injured to fight recklessly!
You are too injured to fight recklessly!
You hit the slime creature but do no damage.
The slime creature is heavily wounded.
The slime creature is engulfed in blazing flames.
You block the slime creature's attack.
You thump the slime creature! You tail-slap the slime creature.
You kill the slime creature!
Okawaru accepts your kill.
You hit the jelly.
Your hands burn!
The jelly is moderately wounded.
The jelly is struck by your spines. The jelly hits you. The acid corrodes you!
You are splashed with acid!
* * * LOW HITPOINT WARNING * * *
You sock the jelly!
You kill the jelly!
Okawaru accepts your kill.
You barely miss the endoplasm.
The endoplasm is heavily wounded.
The endoplasm barely misses you.
You sock the endoplasm!
You kill the endoplasm!
Okawaru accepts your kill.
You thump the jelly!
Your hands burn!
* * * LOW HITPOINT WARNING * * *
The jelly is heavily wounded.
The jelly is struck by your spines. The jelly hits you but does no damage.
You sock the jelly!
You kill the jelly!
Okawaru accepts your kill.
You thump the jelly!
Your hands burn!
* * * LOW HITPOINT WARNING * * *
The jelly is severely wounded.
The jelly hits you.
* * * LOW HITPOINT WARNING * * *
The acid corrodes you!
You are splashed with acid!
You die... ##...## ######## #.....#.# .......######....J#.# ######.##...#.JJ.J#.# #....#.##...##JJJ##.# ###..#.##...# JJ.

#.# .##.........# #J# #.#
..#'#..##...# #J###.#
.##.#####...# #.@...#
##...##.#.### ###..##
#.....'.#.# ##..#######
##...##.#.######..........
.##.#####.................
..''###########..#........
.##.##....................
##...##.##................
#.....'.##................


You could see 2 jellies and 6 endoplasms.

Vanquished Creatures
  A slime creature (D:7)
  A wyvern (D:5)
  A steam dragon (D:6)
  3 ice beasts
  An orc warrior (D:6)
  3 sky beasts
  3 ogres
  4 wights (D:7)
  7 killer bees
  7 jellies
  4 orc priests
  2 hounds (D:5)
  2 gnoll boudas
  Jessica (D:3)
  4 iguanas
  Natasha (twice) (D:2)
  4 orc wizards
  12 gnolls
  4 river rats (D:3)
  9 adders
  A shadow imp (D:6)
  A white imp (D:5)
  2 ufetubi (D:7)
  5 worms
  2 dart slugs (D:1)
  22 orcs
  2 bats
  9 endoplasms
  3 giant cockroaches
  4 goblins
  8 hobgoblins
  9 kobolds
  3 quokkas
  6 ball pythons
  5 frilled lizards
  5 rats
162 creatures vanquished.

Vanquished Creatures (others)
  7 fungi (D:7)
7 creatures vanquished.

Grand Total: 169 creatures vanquished

Notes
Turn   | Place    | Note
-------+----------+-------------------------------------------
     0 | D:1      | wormed the Demonspawn Fighter began the quest for the Orb.
     0 | D:1      | Reached XP level 1. HP: 18/18 MP: 1/1
   138 | D:1      | Found Niem's Distillery.
   256 | D:1      | Reached skill level 2 in Maces & Flails
   262 | D:1      | Gained mutation: Your demonic aura sometimes causes spilled
                  | blood to erupt in flames. [demonic ancestry]
   262 | D:1      | Reached XP level 2. HP: 16/24 MP: 2/2
   831 | D:1      | Found a faded altar of an unknown god.
   831 | D:1      | Noticed a rust devil
  1196 | D:2      | Gained mutation: You have a small tail. [demonic ancestry]
  1196 | D:2      | Reached XP level 3. HP: 24/29 MP: 3/3
  1494 | D:2      | Identified the +1 leather armour of the Arcane {Dex+3}
  2584 | D:3      | Noticed Natasha
  2698 | D:2      | Reached skill level 1 in Dodging
  2698 | D:2      | Reached XP level 4. HP: 20/35 MP: 4/4
  2704 | D:2      | Killed Natasha
  2841 | D:2      | Noticed Natasha
  3020 | D:2      | Killed Natasha
  3021 | D:2      | Reached skill level 3 in Maces & Flails
  4242 | D:3      | Noticed Jessica
  4451 | D:3      | Killed Jessica
  4452 | D:3      | Gained mutation: You are partially covered in sharp spines.
                  | [demonic ancestry]
  4452 | D:3      | Reached XP level 5. HP: 41/41 MP: 5/5
  5528 | D:4      | Gained mutation: You are partially covered in molten
                  | scales. (AC +2) [demonic ancestry]
  5528 | D:4      | Reached XP level 6. HP: 22/47 MP: 6/6
  5769 | D:4      | Found a staircase to the Ecumenical Temple.
  5769 | D:4      | Noticed an ice beast
  5779 | D:4      | Killed an ice beast
  5949 | Temple   | Entered the Ecumenical Temple
  6193 | Temple   | Became a worshipper of Warmaster Okawaru
  6247 | D:4      | Reached skill level 4 in Maces & Flails
  6514 | D:4      | Found Koosmova's Distillery.
  7153 | D:5      | Entered Level 5 of the Dungeon
  7333 | D:5      | Noticed a sky beast
  7346 | D:5      | Killed a sky beast
  7347 | D:5      | Reached XP level 7. HP: 37/54 MP: 7/7
  7676 | D:5      | Reached * piety under Okawaru
  7677 | D:5      | Reached skill level 5 in Maces & Flails
  7831 | D:5      | Noticed a wyvern
  7840 | D:5      | Killed a wyvern
  7862 | D:5      | Reached XP level 8. HP: 61/61 MP: 8/8
  7869 | D:5      | Reached skill level 5 in Fighting
  8521 | D:6      | Reached skill level 6 in Maces & Flails
  8796 | D:6      | Reached ** piety under Okawaru
  9194 | D:6      | Reached skill level 7 in Maces & Flails
 10052 | D:7      | Reached XP level 9. HP: 68/70 MP: 9/9
 10221 | D:7      | Reached skill level 8 in Maces & Flails
 10284 | D:7      | Reached *** piety under Okawaru
 10814 | D:7      | Splashed by a jelly's acid

Illustrated notes

Levels and vault maps discovered:
D:1:      spicycebolla_green_bress_n_ham, layout_basic,
          dreamdust_ecumenical_altar_sealed_demon, serial_shops, shop,
          serial_park_tiny_2
D:2:      layout_loops_corners, nicolae_figureground_pulse
D:3:      layout_rooms, lightli_sewer_entry_pipes, uniq_natasha, uniq_jessica
D:4:      layout_loops_corners, minmay_temple_entry_stoned_glass, serial_shops,
          shop
D:5:      nicolae_cairo_tiling_large, layout_loops_ring, hex_medium,
          mrwooster_statue_mirror
D:6:      layout_basic
D:7:      lemuel_slime, layout_basic, nicolae_hexahallways
Temple:   dpeg_five_rooms_temple

Skill      XL: |  1  2  3  4  5  6  7  8  9 |
---------------+----------------------------+-----
Maces & Flails | 2 3 4 5 7 8 |  8.9
Armour         | 3 4 |  4.0
Shields        | 3 4 |  4.0
Dodging        | 1 2 3 4 |  4.0
Fighting       | 4 6 7 |  7.3

Action                   |  1- 3 |  4- 6 |  7- 9 || total
-------------------------+-------+-------+-------++-------
Melee: Flail             |   123 |   128 |   251 ||   502
       Tailslap          |     4 |    11 |    36 ||    51
  Use: Potion            |       |     1 |       ||     1
       Scroll            |       |       |     7 ||     7
Armor: Scale mail        |    52 |       |       ||    52
       Chain mail        |    12 |    67 |    70 ||   149
       Plate armour      |       |       |    65 ||    65
Dodge: Dodged            |    67 |    41 |    63 ||   171
Block: Buckler           |    21 |    15 |    57 ||    93
